Cogmind - Beta 9.4 --- EXPLORER MODE // 2020.03.29 @ 00:38:27 // Winter2019/RPGLIKE Player: hemo Result: Destroyed by 8R-AWN with 8R-AWN's Boregun Performance ------------- Evolutions (0) 0 Regions Visited (3) 600 Robots Destroyed (57) 285 Value Destroyed (703) 703 Prototype IDs (5) 100 Alien Tech Used (0) 0 Bonus (0) 0 TOTAL SCORE: 1688 Bonus ------- None Cogmind --------- Core Integrity 0/600 Matter 182/300 Energy 132/150 System Corruption 0% Temperature Cool (459) Movement Rolling (80) Location -10/Exiles Parts ------- > --- POWER (2) -------- Light Ion Engine Light Ion Engine > --- PROPULSION (3) --- Wheel Wheel Wheel > --- UTILITY (5) ------ Advanced Visual Processing Unit Sensor Array Improved Signal Interpreter Improved Terrain Scanner > --- WEAPON (2) ------- Shock Rifle Assault Rifle > --- INVENTORY (3) ---- Melee Analysis Suite Mining Laser Peak State ------------ > --- POWER ------------ Light Ion Engine Light Ion Engine > --- PROPULSION ------- Wheel Wheel Wheel > --- UTILITY ---------- Advanced Visual Processing Unit Sensor Array Improved Signal Interpreter Improved Terrain Scanner Light Armor Plating > --- WEAPON ----------- Shock Rifle Assault Rifle > --- INVENTORY -------- Wheel Melee Analysis Suite [Rating: 18] Favorites ----------- Power Light Ion Engine Engine Light Ion Engine Propulsion Wheel Wheel Wheel Utility Improved Terrain Scanner Device Improved Terrain Scanner Processor Seismic Analyzer Protection Light Armor Plating Weapon Light Assault Rifle Energy Gun Shock Rifle Ballistic Gun Light Assault Rifle Special Weapon Mining Laser Impact Weapon Hammer Build | -11 -10 -10 -10 ------- Run | Scr Mat Min Exi Slots Evolved 8 | 4 3 1 . Power 1 | . 1 . . Propulsion 2 | 1 1 . . Utility 4 | 2 1 1 . Weapon 1 | 1 . . . Parts Attached 40 | 12 17 9 2 Power 5 | 1 3 1 . Engine 5 | 1 3 1 . Core . | . . . . Reactor . | . . . . Propulsion 7 | 3 3 1 . Treads . | . . . . Leg . | . . . . Wheel 7 | 3 3 1 . Hover . | . . . . Flight . | . . . . Utility 8 | 3 3 2 . Device 4 | 2 1 1 . Storage . | . . . . Processor 3 | 1 1 1 . Hackware . | . . . . Protection 1 | . 1 . . Artifact . | . . . . Weapon 20 | 5 8 5 2 Energy Gun 5 | 1 1 3 . Energy Cannon . | . . . . Ballistic Gun 9 | 3 5 . 1 Ballistic Cannon . | . . . . Launcher . | . . . . Special Weapon 5 | 1 1 2 1 Impact Weapon 1 | . 1 . . Slashing Weapon . | . . . . Piercing Weapon . | . . . . Special Melee Weapon . | . . . . Unidentified Prototypes . | . . . . Parts Lost 1 | . . . 1 Power . | . . . . Propulsion . | . . . . Utility 1 | . . . 1 Weapon . | . . . . Highest Loss Streak 1 | . . . 1 Average Slot Usage (%) 98 | . 96 100 100 Engine 17 | . 18 17 16 Wheel 24 | . 23 26 25 Device 17 | . 19 17 16 Processor 12 | . 11 11 16 Protection 6 | . 4 8 8 Energy Gun 6 | . 2 7 8 Ballistic Gun 9 | . 12 8 7 Special Weapon 1 | . 1 . . Naked Turns . | . . . . Heaviest Build 16 | 7 16 16 16 Greatest Support 35 | 25 35 35 35 Greatest Overweight (x) . | . . . . Average Overweight (x) . | . . . . Largest Inventory Capacity 3 | 1 1 3 3 Average Capacity 1 | . 1 2 3 Most Carried 3 | 1 1 3 2 Average Carried 1 | . . 2 2 Final Capacity 3 | 1 1 3 3 Final Carried 2 | 1 1 2 2 Class Distribution -------------------- 60% | Hacker-Skirmisher 35% | Scavenger-Skirmisher Dominant Class ---------------- Scavenger-Skirmisher | -10/Materials Scavenger-Skirmisher | -10/Mines Scavenger-Skirmisher | -10/Exiles Resources | -11 -10 -10 -10 ----------- Run | Scr Mat Min Exi Matter Collected 923 | 410 379 134 . Remotely . | . . . . Salvage Created 1229 | 348 519 296 66 Parts 70 | 13 40 17 . Haulers Intercepted 2 | . 2 . . Recyclers Shooed 1 | . . 1 . Parts Field Recycled . | . . . . Retrieved Matter . | . . . . Parts Self-Destructed . | . . . . Prevented . | . . . . Kills | -11 -10 -10 -10 ------- Run | Scr Mat Min Exi Combat Hostiles Destroyed 34 | 11 12 6 5 Guns 30 | 11 8 6 5 Cannons 2 | . 2 . . AOE 1 | . 1 . . Classes Destroyed 9 | 4 5 . . Worker 11 | 4 4 3 . Builder 1 | . 1 . . Tunneler 4 | 2 1 1 . Hauler 2 | . 2 . . Recycler 2 | 1 . 1 . Watcher 3 | . 3 . . Swarmer 4 | . 2 2 . Grunt 14 | . 10 4 . Assembled 16 | 11 . . 5 Best Kill Streak 5 | 5 5 3 3 Combat Bots Only 5 | 5 3 2 3 Max Kills in Single Turn 2 | 2 1 1 1 Gunslinging 1 | 1 . . . Exploded 1 | . 1 . . Melee . | . . . . Uniques/NPCs Destroyed . | . . . . Combat | -11 -10 -10 -10 -------- Run | Scr Mat Min Exi Damage Taken 1748 | 479 502 145 622 Core 1328 | 388 393 87 460 Absorbed by Shields . | . . . . Redirected to Core 980 | 272 280 87 341 Core Remaining (%) 50 | 50 . . . Volleys Fired 176 | 59 57 22 38 Largest 2 | 2 2 2 2 Hottest 120 | 100 120 100 100 Shots Fired 305 | 101 103 41 60 Gun 278 | 98 90 38 52 Cannon . | . . . . Launcher . | . . . . Special 27 | 3 13 3 8 Kinetic 218 | 92 77 19 30 Thermal 54 | 3 26 17 8 Explosive . | . . . . Electromagnetic 33 | 6 . 5 22 Robot Hit Streak 40 | 19 27 40 11 Robot Miss Streak 5 | 2 5 2 2 Penetration Max . | . . . . Secondary Targets 5 | 2 . 2 1 Max Gunslinging Chain 1 | 1 . 1 1 Shots Hit Robots 242 | 79 92 33 38 Core Hits 133 | 43 45 34 11 Critical Hits 1 | 1 . . . Critical Kills 1 | 1 . . . Critical Parts Destroyed . | . . . . Melee Attacks 16 | . 16 . . Impact 16 | . 16 . . Slashing . | . . . . Piercing . | . . . . Sneak Attacks 2 | . 2 . . Combat Hostiles . | . . . . Follow-up Attacks . | . . . . Damage Inflicted 3083 | 686 1459 416 522 Guns 2222 | 611 673 416 522 Cannons . | . . . . Explosions 348 | 75 273 . . Melee 297 | . 297 . . Ramming . | . . . . Kinetic 1549 | 561 559 135 294 Thermal 596 | 75 330 191 . Explosive . | . . . . Electromagnetic 641 | 50 273 90 228 Impact 297 | . 297 . . Slashing . | . . . . Piercing . | . . . . Highest Corruption . | . . . . Average Corruption . | . . . . Corruption Purged . | . . . . Overload Shots . | . . . . Overflow Damage 57 | 20 37 . . Projectiles . | . . . . Explosions 20 | 20 . . . Melee 37 | . 37 . . Knockbacks 2 | . 2 . . Impact 2 | . 2 . . Kinetic . | . . . . Secondary . | . . . . Self-Inflicted Damage 26 | 26 . . . Shots 1 | 1 . . . Rammed . | . . . . Targets Rammed . | . . . . Kicked . | . . . . Crushed . | . . . . Highest Temperature 545 | 20 349 222 545 Average Temperature 141 | 14 105 75 275 Received Heat Transfer 560 | 80 381 99 . Effects 21 | . 3 . 18 Shutdowns 8 | . . . 8 Energy Bleed 2 | . . . 2 Interference 6 | . 3 . 3 Matter Decay 2 | . . . 2 Short Circuit 1 | . . . 1 Damage (minor) 1 | . . . 1 Damage (core) 1 | . . . 1 Siege Activations . | . . . . Robots Corrupted . | . . . . Combat Hostiles . | . . . . Parts Fried 4 | . 4 . . Impact Corruptions 3 | . 3 . . Robots Melted . | . . . . Combat Hostiles . | . . . . Parts Melted . | . . . . Heat Transferred 925 | 100 585 240 . Parts Sabotaged . | . . . . Parts Stolen . | . . . . Parts Stripped . | . . . . Power Chain Reactions 1 | 1 . . . Missiles Intercepted . | . . . . Alert | -11 -10 -10 -10 ------- Run | Scr Mat Min Exi Peak Influence 261 | 60 261 128 . Average Influence 32 | 4 96 67 . Maximum Alert Level 1 | . 1 . . Low Security (%) 98 | 100 89 100 . Level 1 1 | . 10 . . Level 2 . | . . . . Level 3 . | . . . . Level 4 . | . . . . Level 5 . | . . . . High Security . | . . . . Max Security . | . . . . Squads Dispatched 4 | . 3 1 . Investigation 4 | . 3 1 . Extermination . | . . . . Reinforcement . | . . . . Assault . | . . . . Garrison . | . . . . Intercept . | . . . . Construction Impeded . | . . . . Haulers Reinforced . | . . . . Stealth | -11 -10 -10 -10 --------- Run | Scr Mat Min Exi Distress Signals 1 | . 1 . . Communications Jammed . | . . . . Distress Signals . | . . . . Times Spotted 49 | 14 22 5 8 Peak Tracking Total 9 | 5 5 1 9 Tactical Retreats 2 | 1 1 . . Traps | -11 -10 -10 -10 ------- Run | Scr Mat Min Exi Traps Triggered 2 | . 2 . . Indirectly . | . . . . Trap Hack Attempts . | . . . . Triggered . | . . . . Disarmed . | . . . . Reprogrammed . | . . . . Reused . | . . . . Traps Extracted . | . . . . Installed . | . . . . Triggered . | . . . . Machines | -11 -10 -10 -10 ---------- Run | Scr Mat Min Exi Machines Disabled 6 | . 4 . 2 Max in Single Turn 2 | . 2 . 1 Machines Sabotaged . | . . . . Garrisons Compromised . | . . . . Overloaded Fab Kills . | . . . . Fab Network Shutdowns . | . . . . Hacking | -11 -10 -10 -10 --------- Run | Scr Mat Min Exi Machines Accessed 15 | . 10 1 4 Terminals 7 | . 7 . . Fabricators . | . . . . Repair Stations 1 | . 1 . . Recycling Units 2 | . 2 . . Scanalyzers . | . . . . Garrison Access . | . . . . Total Hacks 84 | . 35 1 48 Successful 77 | . 28 1 48 Failed 7 | . 7 . . Catastrophic . | . . . . Database Lockouts . | . . . . Manual 31 | . 29 1 1 Terminals 23 | . 23 . . Fabricators . | . . . . Repair Stations 3 | . 3 . . Recycling Units 9 | . 9 . . Scanalyzers . | . . . . Garrison Access . | . . . . Terminal Hacks 58 | . 9 1 48 Record 48 | . . . 48 Part Schematic 1 | . 1 . . Robot Schematic 2 | . 2 . . Robot Analysis 1 | . 1 . . Prototype ID Bank 4 | . 4 . . Open Door 1 | . . 1 . Unreport Threat 1 | . 1 . . Fabricator Hacks . | . . . . Repair Station Hacks 3 | . 3 . . Scan Component 1 | . 1 . . Repair 1 | . 1 . . Refit 1 | . 1 . . Recycling Unit Hacks 3 | . 3 . . Report Inventory 2 | . 2 . . Retrieve Components 1 | . 1 . . Scanalyzer . | . . . . Garrison Access Hacks . | . . . . Unauthorized Hacks 27 | . 27 . . Terminals 7 | . 7 . . Botnet 7 | . 7 . . Fabricators . | . . . . Repair Stations . | . . . . Recycling Units 6 | . 6 . . Monitor 1 | . 1 . . Reject 1 | . 1 . . Recyclers 1 | . 1 . . Mask 1 | . 1 . . Tunnel 2 | . 2 . . Scanalyzers . | . . . . Garrison Access . | . . . . Data Cores Recovered . | . . . . Used . | . . . . Hacking Detections 7 | . 7 . . Full Trace Events 1 | . 1 . . Feedback Events . | . . . . Feedback Blocked . | . . . . Robot Schematics Acquired 2 | . 2 . . Robots Built . | . . . . Matter . | . . . . Time . | . . . . Total Robot Build Rating . | . . . . Part Schematics Acquired 1 | . 1 . . Parts Built . | . . . . Matter . | . . . . Time . | . . . . Total Part Build Rating . | . . . . Parts Repaired 1 | . 1 . . Time 26 | . 26 . . Parts Recycled . | . . . . Recycled Matter . | . . . . Retrieved Matter . | . . . . Retrieved Components 1 | . 1 . . Parts Scanalyzed . | . . . . Part Schematics Acquired . | . . . . Parts Damaged . | . . . . Bothacking | -11 -10 -10 -10 ------------ Run | Scr Mat Min Exi Used RIF Installer . | . . . . Robots Hacked . | . . . . Non-combat . | . . . . Combat . | . . . . Robot Hacks Applied . | . . . . Relay Couplers Released . | . . . . Robots Rewired . | . . . . Allies Hacked . | . . . . Hacks Repelled . | . . . . Allies | -11 -10 -10 -10 -------- Run | Scr Mat Min Exi Total Allies 3 | . . 3 . Largest Group 3 | . . 3 3 Highest-Rated Group 78 | . . 78 78 Highest-Rated Ally 31 | . . 31 31 Total Orders . | . . . . Ally Attacks . | . . . . Total Damage . | . . . . Kills . | . . . . Allies Corrupted . | . . . . Allies Melted . | . . . . Intel | -11 -10 -10 -10 ------- Run | Scr Mat Min Exi Robot Analysis Total 1 | . 1 . . Derelict Logs Recovered . | . . . . Drone Launches . | . . . . Drone Recoveries . | . . . . Exploration | -11 -10 -10 -10 ------------- Run | Scr Mat Min Exi Turns Passed 5373 | 3012 859 742 760 Spaces Moved 3778 | 1591 692 773 722 Core 85 | 85 . . . Treads . | . . . . Legs . | . . . . Wheels 3693 | 1506 692 773 722 Hover . | . . . . Flight . | . . . . Fastest Speed 50 | 50 80 80 80 Average Speed 79 | 78 80 80 80 Slowest Speed 80 | 80 80 80 80 Overloaded Moves . | . . . . Propulsion Burnouts . | . . . . Robots Hopped . | . . . . Cave-ins Triggered . | . . . . Exploration Rate (%) 98 | 115 88 96 95 Regions Visited 3 Branch Regions 2 Pre-discovered Areas 3 | . 2 . 1 Known Exits Taken 3 | 1 1 1 . Unknown Exits Taken . | . . . . Scrap Searched . | . . . . Spaces Dug 10 | . 1 3 6 Terrain Destroyed 14 | 2 3 3 6 Melee . | . . . . Projectile 12 | . 3 3 6 AOE 2 | 2 . . . Actions | -11 -10 -10 -10 --------- Run | Scr Mat Min Exi Total 5788 | 3262 848 850 828 Wait 1713 | 1591 35 21 66 Move 3775 | 1590 691 772 722 Hop . | . . . . Pick Up 10 | 2 3 5 . Fast Attach 17 | 9 8 . . Attach 1 | . . 1 . Detach . | . . . . Swap 22 | 3 9 8 2 Drop 24 | 3 14 7 . Fire 176 | 59 57 22 38 Melee 16 | . 16 . . Ram . | . . . . Kick . | . . . . Crush . | . . . . Escape Stasis . | . . . . Rewire . | . . . . Trap . | . . . . Miscellaneous 34 | 5 15 14 . Route ------- -11/Scrapyard -10/Materials (discovered 4 exits: *Mat x3 / *Min) -10/Mines (discovered 3 exits: *Mat x2 / *Exi) -10/Exiles (discovered 2 exits: *Min x2) History --------- Turn | Location | Event 3 | -11/Scrapyard | Identified exit to Materials 3 | -11/Scrapyard | Discovered exit to Materials (range 15) 47 | -11/Scrapyard | Upgraded with Propulsion slot (x1) 47 | -11/Scrapyard | Upgraded with Utility slot (x1) 47 | -11/Scrapyard | Upgraded with Weapon slot (x1) 86 | -11/Scrapyard | Upgraded with Utility slot (x1) 2626 | -11/Scrapyard | Assembled infested the area 2983 | -11/Scrapyard | Core integrity fell below 50% 3013 | -11/Scrapyard | Entered Materials 3014 | -10/Materials | Build established: Hacker-Skirmisher 3049 | -10/Materials | Repaired Lgt. Ion Engine 3049 | -10/Materials | Upgraded with Power slot (x1) 3049 | -10/Materials | Upgraded with Propulsion slot (x1) 3129 | -10/Materials | Identified exit to Mines 3129 | -10/Materials | Discovered exit to Mines (range 12) 3133 | -10/Materials | Upgraded with Utility slot (x1) 3316 | -10/Materials | Core integrity fell below 20% 3382 | -10/Materials | Identified exit to Materials 3382 | -10/Materials | Discovered exit to Materials (range 15) 3501 | -10/Materials | Discovered exit to Materials (range 16) 3668 | -10/Materials | Build established: Scavenger-Skirmisher 3757 | -10/Materials | Discovered exit to Materials (range 11) 3775 | -10/Materials | Reached level 2 3872 | -10/Materials | Entered Mines 3885 | -10/Mines | Discovered exit to Materials (range 6) 3997 | -10/Mines | Discovered exit to Materials (range 16) 4125 | -10/Mines | Met a Derelict shopkeep closing up shop 4336 | -10/Mines | Deemed a non-threat by the Exiles lab entrance 4337 | -10/Mines | Identified exit to Exiles 4337 | -10/Mines | Discovered exit to Exiles (range 5) 4372 | -10/Mines | Reached level 3 4375 | -10/Mines | Upgraded with Utility slot (x1) 4502 | -10/Mines | Received a Mining Laser from a helpful Derelict 4614 | -10/Mines | Entered Exiles 4614 | -10/Exiles | Accompanied by 3 allies 4628 | -10/Exiles | Identified exit to Mines 4628 | -10/Exiles | Discovered exit to Mines (range 19) 4644 | -10/Exiles | Led the pair of lost Derelicts to a safe place 4656 | -10/Exiles | Met 8R-AWN 4671 | -10/Exiles | Met EX-HEX 4694 | -10/Exiles | Met EX-BIN 4910 | -10/Exiles | Met EX-DEC 4919 | -10/Exiles | Learned location of Zion (-6) 4973 | -10/Exiles | Discovered exit to Mines (range 10) 5039 | -10/Exiles | Visited The Gauntlet 5271 | -10/Exiles | Attacked by the Exiles 5374 | -10/Exiles | Destroyed by 8R-AWN with 8R-AWN's Boregun Last Messages --------------- 05365_ HV Slug penetrates Wall. 05367_ Overheating: Core damaged (-66). 05368_ Penetrated by HV Slug. 05368_ HV Slug penetrates Wall. 05368_ Penetrated by HV Slug. 05368_ HV Slug penetrates Wall. 05369_ Overheating: Energy bleed (-16). 05370_ Penetrated by HV Slug. 05370_ Critical hit. 05370_ HV Slug penetrates Wall. 05370_ Penetrated by HV Slug. 05372_ HV Slug penetrates Wall. 05372_ Penetrated by HV Slug. 05372_ HV Slug penetrates Wall. 05373_ Overheating: Matter decay (-34). 05374_ Penetrated by HV Slug. 05374_ HV Slug penetrates Wall. 05374_ Penetrated by HV Slug. 05374_ Critical hit. 05374_ Lgt. Armor Plating destroyed. Map ----- +----------------------------------------------------+ | | | | | | | | | | | | | ??????????????#??#?############################?#? | | ?????????????????#########?# ############### | | ??????????????############## ##############? | | ??????????????#?############ ########?###### | | ??????????????############## X# ########?#??# | | ????????????????##########################?#####?# | | ???????????????############# ## ############# | | ?????????????#?#############" ###############? | | ??????????????############### ##############?# | | ???????????################## ############?##? | | ????????????################# ##""""""######?# | | ??????????#??################ ## """#####?#? | | ???????????####?############# X""######?# | | ???????????################## ## """#####?## | | ??????????###?############### ##""""""#######? | | ?????????############""""" ## ###############? | | ??????????###########"""" ## ##############?? | | ??????????#?#########""X" %%% ##############?? | | ??????????###########" %g% ###############? | | ???#???????##########" @ ##? ##############?# | | ##???????############ """## ##############?# | | #?#???????##########;#"###### ###"""""""###### | | ####??????######### "###### ###"""""""####?# | | ###?##????###?#####""" ###### ###"""""""####?? | | ##?###???##########""" ###### ###"" """"###??# | | #######?#?#########""" #####" """"##?##? | | "#?##??#####################" """###### | | "########???################" """####?# | | "###?###?#?#################" """## """ | | "###?#?####?################" """## "?" | | "###?######## """#########" """## """ | | "##?#########"" """########## """""" | | ######???####"" ########## """###### | | ##########?##"" ##########" "X" """"" # | | ####?########"" "##########" """ # """# | | ####?#?###### ""##########" """""""""# ""?# | | #############"" ""##########" ########### """# | | ############# ###########"" ################ | | ############ ##########"" ################ | | """#####X# #"###""""""" ################ | | """""" " "" ############### | | "" """ " #####""""""""" | | " " " """ """ | | ## "" " | +----------------------------------------------------+ Best States ------------- Heat Dissipation 39 Energy Generation 20 Energy Capacity 150 Matter Stores 300 Matter Capacity 300 Sight Range 21 Robot Scan Range 14 Terrain Scan Range 16 Terrain Scan Density 360 Armor Coverage 150 Resistance: KI 40 Resistance: TH 35 Resistance: EX 35 Resistance: EM 35 Resistance: I 35 Resistance: S 35 Resistance: P 35 Evasion (%) 50 Offensive Hacking 20 Item Schematics ----------------- Wheel | -10/Materials | Hacked Robot Schematics ------------------ S-10 Pest | -10/Materials | Hacked G-34 Mercenary | -10/Materials | Hacked Fabricated ------------ Nothing Alien Tech Used ----------------- None Achievements -------------- Curiosity Killed The Cat Challenges ------------ None RPGLIKE | -11 -10 -10 -10 --------- Run | Scr Mat Min Exi Levels Raised 2 | . 1 1 . XP Earned 9325 | 6000 1875 1250 200 XP Spent 8645 | 3445 2550 2650 . Upgrades 20 | 13 4 3 . Power Slot 1 | . 1 . . Propulsion Slot 2 | 1 1 . . Utility Slot 4 | 2 1 1 . Weapon Slot 1 | 1 . . . Energy Generation 1 | 1 . . . Mass Support 1 | 1 . . . Inventory Capacity 3 | 1 . 2 . Sight Range 1 | 1 . . . Sensor Range 2 | 2 . . . Terrain Scan Density 3 | 3 . . . KI Resistance % 1 | . 1 . . Protomatter Created 243 | 47 106 66 24 Integrity Restored 726 | 93 318 315 . Core 726 | 93 318 315 . Protomatter Decayed 16 | 16 . . . Game ------ Seed MissileVortexPenetrator Manual? 0 Play Time 00:52:25 Cumulative 64.6 hours Start 2020.03.28 @ 23:44:47 End 2020.03.29 @ 00:38:27 Sessions 1 Manual Loads 0 Difficulty Explorer Special Mode Winter2019/RPGLIKE Game No. 14 Rogue 1 Adventurer 2 Explorer 11 Win Type - Total 5 Types 5/0/0/0/0/0/0 Lore% 45 Gallery% 68 Achievement% 48 Wizard Run 0 Options --------- ASCII 0 Keyboard 0 Movement Mouse Keybinds 0 Fullscreen 2 Font 24/Terminus Map View 76x50 Tactical HUD 1 Map Filters NONE Filters NONE Steam X RUN: f380d344-017d-4104-86ed-9d2f4c44e494